 Dungeon Crawl Stone Soup version 0.18-a0-1788-g92de1ac (webtiles) character file.

655 MrRokkomies the Poker (level 7, -1/43 HPs)
             Began as an Octopode Summoner on Apr 20, 2016.
             Slain by a gnoll sergeant
             ... wielding a +2 trident of protection
              (11 damage)
             ... on level 7 of the Dungeon on Apr 21, 2016.
             The game lasted 00:33:35 (5314 turns).

MrRokkomies the Poker (Octopode Summoner)           Turns: 5314, Time: 00:33:35

Health: -1/43      AC:  4    Str:  7    XL:     7   Next: 54%
Magic:  13/19      EV: 13    Int: 20    God:
Gold:   211        SH:  0    Dex: 12    Spells: 3 memorised, 1 level left

rFire  + . .     SeeInvis .     g - -2 whip (curse)
rCold  . . .     Gourm    +     (no shield)
rNeg   . . .     Faith    .     (helmet restricted)
rPois  .         Spirit   .     m - amulet of the gourmand
rElec  .         Dismiss  .     i - ring of magical power
rCorr  .         Reflect  .     r - ring of protection from fire
SustAt .         Harm     .     v - +3 ring of protection
MR     .....                    (no ring)
Stlth  +++.......               (no ring)
                                (no ring)
                                (no ring)
                                (no ring)

@: about to teleport, very slightly contaminated, not resistant to hostile
enchantments, fairly stealthy
A: almost no armour, amphibious, 8 rings, constrict 8, camouflage 1, gelatinous
body 1
a: no special abilities


You were on level 7 of the Dungeon.
You were full.

You visited 1 branch of the dungeon, and saw 7 of its levels.

You collected 211 gold pieces.

Inventory:

Hand Weapons
 g - a cursed -2 whip (weapon)
 s - a cursed +0 trident
Missiles
 c - 221 stones (quivered)
 y - 24 poisoned needles
Rods
 F - a +1 rod of clouds (9/9)
   (You found it on level 6 of the Dungeon)
Jewellery
 i - a ring of magical power (left tentacle)
 m - an amulet of the gourmand (around mantle)
 r - a ring of protection from fire (right tentacle)
 v - a +3 ring of protection (on tentacle)
Scrolls
 d - a scroll of blinking
 l - a scroll of teleportation
 G - a scroll of identify
Potions
 e - 2 potions of magic
 h - a potion of brilliance
 j - a potion of lignification {unknown}
 n - a potion of heal wounds
 o - a potion of might {unknown}
 p - a potion of cancellation {unknown}
 q - a potion of curing
 t - a potion of mutation {unknown}
 u - a potion of haste {unknown}
 A - a potion of resistance {unknown}
 B - a potion of invisibility {unknown}
 C - a potion of degeneration {unknown}
 D - a potion of cure mutation {unknown}
 E - a potion of berserk rage {unknown}
Books
 a - a book of Callings

   Spells                             Type                      Level
   a - Summon Small Mammal            Summoning                    1
   b - Call Imp                       Summoning                    2
   c - Call Canine Familiar           Summoning                    3
   d - Summon Guardian Golem          Hexes/Summoning              3
   e - Summon Lightning Spire         Summoning/Air                4
   f - Summon Ice Beast               Ice/Summoning                4
 x - a book of Air

   Spells                             Type                      Level
   a - Shock                          Conjuration/Air              1
   b - Swiftness                      Charms/Air                   2
   c - Repel Missiles                 Charms/Air                   2
   d - Static Discharge               Conjuration/Air              3
   e - Lightning Bolt                 Conjuration/Air              5
Comestibles
 b - 4 bread rations
 f - 2 slices of pizza
 k - 2 beef jerkies
 w - a meat ration
 z - 6 fruits


   Skills:
 - Level 1.2 Fighting
 * Level 5.1 Polearms
 - Level 4.0 Dodging
 - Level 2.6 Stealth
 - Level 2.0 Spellcasting
 - Level 5.0 Summonings
 * Level 3.0 Air Magic


You had one spell level left.
You knew the following spells:

 Your Spells              Type           Power        Failure   Level  Hunger
a - Summon Lightning Spi  Summ/Air       ###.....     30%         4    #####..
b - Call Canine Familiar  Summ           ###.....     8%          3    ###....
c - Call Imp              Summ           ###.....     2%          2    ##.....


Dungeon Overview and Level Annotations

Branches:
Dungeon (7/15)
 Temple: D:4-7

Altars:
Pakellas
Xom

Annotations:
D:5 Sigmund


Innate Abilities, Weirdness & Mutations

You cannot wear most types of armour.
You are amphibious.
You can wear up to eight rings at the same time.
You can use your tentacles to constrict eight enemies at once.
Your skin changes colour to match your surroundings (Stealth).
Your rubbery body absorbs attacks (AC +1).


Message History

The gnoll hits your lightning spire but does no damage.
Your hound barely misses the gnoll sergeant.
What do you say? t - Shout!
Orders for allies: a - Attack new target. r - Retreat! s - Stop attacking. w - Wait here. f - Follow me.
Anything else - Stay silent.
Gang up on whom?
Press: ? - help, Dir - move target cursor, f - gnoll sergeant
Aim: a gnoll sergeant, wielding a trident of protection, wearing a ring mail and wearing a buckler Attack!
The gnoll sergeant closely misses you.
The gnoll hits your lightning spire but does no damage.
The gnoll hits your lightning spire but does no damage.
Read which item? (? for menu, Esc to quit)
As you read the scroll of teleportation, it crumbles to dust.
You feel strangely unstable.
Your lightning spire disappears in a puff of smoke!
The gnoll sergeant hits you from afar with a trident of protection!
You die...

#####
##h..##
##<....##
#..g.@..#
#...)g..#
#...)...#
#..#.ยง.<.##
## #gg[).#
..........#
.........)#
...........#
.(.#......##


You could see a gnoll sergeant, 3 gnolls and a friendly hound (confused).

Vanquished Creatures
  An orc wizard (D:7)
  A worker ant (D:4)
  A hound skeleton (D:4)
  An adder (D:2)
  An ooze (D:1)
  2 adder skeletons
  A dart slug (D:3)
  3 giant geckos
  An orc (D:3)
  2 ball pythons
  2 giant cockroaches
  14 goblins
  4 hobgoblins
  10 jackals
  A quokka (D:2)
  10 bats
  A giant gecko skeleton (D:4)
  A giant newt (D:1)
  5 kobolds
  A quokka zombie (D:6)
  5 rats
68 creatures vanquished.

Vanquished Creatures (collateral kills)
  Eustachio (D:6)
  Duvessa (D:5)
  An ice beast (D:5)
  A sky beast (D:5)
  2 phantoms (D:4)
  Dowan (D:5)
  An orc wizard (D:3)
  An iguana (D:4)
  2 worker ants (D:4)
  A killer bee zombie (D:5)
  Robin (D:4)
  A howler monkey skeleton (D:5)
  8 adders
  An adder zombie (D:5)
  2 worms
  16 orcs
  A ball python (D:3)
  A bat (D:2)
  8 goblins
  2 hobgoblins
  A giant gecko skeleton (D:4)
  2 giant newts
  A kobold (D:1)
57 creatures vanquished.

Grand Total: 125 creatures vanquished

Notes
Turn   | Place    | Note
--------------------------------------------------------------
     0 | D:1      | MrRokkomies the Octopode Summoner began the quest for the Orb.
     0 | D:1      | Reached XP level 1. HP: 11/11 MP: 3/3
   371 | D:1      | Reached XP level 2. HP: 13/18 MP: 5/5
   434 | D:1      | Reached skill level 1 in Fighting
   784 | D:1      | Reached XP level 3. HP: 19/23 MP: 5/6
   905 | D:1      | Reached skill level 1 in Polearms
  1022 | D:1      | Learned a level 3 spell: Call Canine Familiar
  1025 | D:1      | Learned a level 2 spell: Call Imp
  1706 | D:2      | Reached XP level 4. HP: 26/28 MP: 7/7
  1887 | D:2      | Reached skill level 5 in Summonings
  2435 | D:3      | Found a shimmering altar of Xom.
  2695 | D:3      | Reached XP level 5. HP: 33/33 MP: 8/8
  2945 | D:3      | Found an oddly glowing altar of Pakellas.
  3157 | D:4      | Noticed a phantom
  3173 | D:4      | Killed a phantom
  3231 | D:4      | Reached XP level 6. HP: 37/38 MP: 9/9
  3494 | D:4      | Noticed Robin
  3511 | D:4      | Noticed a phantom
  3547 | D:4      | Killed Robin
  3600 | D:4      | Killed a phantom
  3712 | D:4      | Learned a level 4 spell: Summon Lightning Spire
  3870 | D:5      | Entered Level 5 of the Dungeon
  3880 | D:5      | Noticed Sigmund
  4188 | D:5      | Noticed an ice beast
  4206 | D:5      | Killed an ice beast
  4206 | D:5      | Reached skill level 1 in Air Magic
  4524 | D:5      | Noticed Dowan
  4538 | D:5      | Noticed Duvessa
  4558 | D:5      | Killed Duvessa
  4558 | D:5      | Reached XP level 7. HP: 43/43 MP: 6/10
  4562 | D:5      | Killed Dowan
  5081 | D:6      | Noticed Eustachio
  5136 | D:6      | Killed Eustachio
  5136 | D:6      | Reached skill level 5 in Polearms
  5314 | D:7      | Slain by a gnoll sergeant

Vault maps used:
D:1:      minmay_arrival_semitransparent, kennysheep_minor_cross
D:2:      minmay_surrounded
D:3:      overflow_temple_1_default, marbit_many_paths
D:4:      first_bread, uniq_robin
D:5:      uniq_sigmund, uniq_duvessa
D:6:      minmay_goblin_kobold_castle, grunt_temple_overflow_open, temple_green,
          serial_shops, shop_statue, uniq_blork_the_orc, uniq_eustachio
D:7:      lemuel_castle_with_subvaults, serial_shops, nicolae_shop_waterfront,
          uniq_prince_ribbit1

Skill      XL: |  1  2  3  4  5  6  7 |
---------------+----------------------+-----
Fighting       | 1 |  1.2
Polearms       | 1 2 3 4 5 |  5.1
Summonings     | 5 |  5.0
Dodging        | 3 4 |  4.0
Air Magic      | 1 3 |  3.0
Stealth        | |  2.6
Spellcasting   | |  2.0

Action                   |  1- 3 |  4- 6 |  7- 9 || total
-------------------------+-------+-------+-------++-------
Melee: Unarmed           |    29 |       |       ||    29
       Constrict         |    26 |    30 |     9 ||    65
       Tentacles         |    15 |    19 |     5 ||    39
       Whip              |    83 |    99 |    45 ||   227
Throw: Stone             |     3 |     2 |       ||     5
 Cast: Summon Small Mamm |     4 |       |       ||     4
       Call Canine Famil |     5 |    24 |     4 ||    33
       Call Imp          |     3 |    36 |     4 ||    43
       Summon Lightning  |       |     1 |     4 ||     5
  Use: Scroll            |     5 |     5 |     2 ||    12
       Potion            |       |     2 |     2 ||     4
 Stab: Sleeping          |    14 |     6 |       ||    20
       Distracted        |       |     3 |     1 ||     4
  Eat: Chunk             |     3 |    17 |     7 ||    27
Armor: Skin              |    24 |    13 |     7 ||    44
Dodge: Dodged            |    81 |    60 |    51 ||   192
